Blackdemons vs Tamiflu
Created - 6 avril 2017 at 19:07
Goals
|
| Blackdemons |
1 |
3 |
1 |
5 |
| Tamiflu |
0 |
2 |
2 |
4 |
|
Shots
|
| Blackdemons |
14 |
15 |
20 |
49 |
| Tamiflu |
5 |
14 |
9 |
28 |
|
1st period
1. Blackdemons , Ben Maxwell 13 (Matt Hunwick) at 16:45
Penalties :
Steve Oleksy (MJM) for Hooking (Minor) at 7:29, Igor Makarov (MJM) for Tripping (Minor) at 18:09
2nd period
2. Tamiflu , Casey Wellman 4 (Colin Greening) at 1:54
3. Tamiflu , Casey Wellman 5 (Stuart Percy) at 13:01
4. Blackdemons , Sergei Plotnikov 17 (Matt Hunwick, Noel Acciari) at 13:16
5. Blackdemons , Noel Acciari 9 (Igor Makarov, Sergei Plotnikov) at 13:28
6. Blackdemons , Steven Zalewski 28 (Igor Makarov, Andrew MacDonald) at 13:50 (PP)
Penalties :
Robert Dome (Det) for Interference (Minor) at 4:21, Adam Larsson (Det) for Hooking (Minor) at 13:45
3rd period
7. Tamiflu , Jan Mursak 17 (Mattias Tedenby) at 4:47
8. Tamiflu , Colin Greening 9 (Casey Wellman, Justin Braun) at 7:46
9. Blackdemons , Kyle Rau 4 (Scott Timmins, Max Friberg) at 19:23
Penalties :
Noel Acciari (MJM) for Holding (Minor) at 5:10, Robert Dome (Det) for Hooking (Minor) at 9:11, Petr Pohl (Det) for Interference (Minor) at 9:44
Goalie Stats
Matt Hackett (MJM), 24 saves from 28 shots - (0,857), W, 10-12-2, 60:00 minutes
Thomas Greiss (Det), 44 saves from 49 shots - (0,898), L, 28-21-8, 59:47 minutes
Players Stats for Blackdemons
Player Name G A P +/- PIM S H SB GA TA FO MP PP MP PK MP
------------------------------------------------------------------------------------
Andrew MacDonald 0 1 1 0 0 7 5 2 0 0 0/0 23:08 2:52 3:53
Ben Maxwell 1 0 1 -1 0 2 2 0 0 0 3/9 11:14 0:00 0:00
Blake Pietila 0 0 0 -1 0 0 3 0 0 0 1/2 13:33 1:52 0:16
Bryan Rust 0 0 0 -1 0 0 0 0 0 0 1/1 11:14 0:00 0:00
Calvin de Haan 0 0 0 0 0 3 0 1 1 0 0/0 16:23 0:00 0:00
Igor Makarov 0 2 2 1 2 6 2 0 2 1 0/3 22:42 2:39 1:57
Jordan Szwarz 0 0 0 -1 0 0 3 1 0 0 0/0 13:23 1:57 0:00
Keaton Ellerby 0 0 0 -1 0 2 2 1 0 1 0/0 27:00 2:52 3:53
Kyle Rau 1 0 1 1 0 1 0 1 0 0 2/3 8:44 0:00 0:07
Matt Hunwick 0 2 2 1 0 4 3 0 0 1 0/0 17:13 1:44 2:04
Max Friberg 0 1 1 1 0 2 1 0 0 1 0/0 12:04 0:05 3:04
Noel Acciari 1 1 2 1 2 4 1 0 0 0 16/32 21:03 1:57 1:35
Oscar Klefbom 0 0 0 -1 0 2 0 0 1 0 0/0 20:08 0:00 0:54
Scott Timmins 0 1 1 1 0 3 0 1 0 0 0/0 10:03 0:00 1:23
Scott Wilson 0 0 0 -1 0 1 4 1 0 1 0/0 11:14 0:00 0:00
Sergei Plotnikov 1 1 2 1 0 4 3 0 0 0 1/2 23:09 2:39 2:37
Steve Oleksy 0 0 0 1 2 2 1 1 0 1 0/0 16:08 1:44 1:10
Steven Zalewski 1 0 1 -1 0 6 5 0 1 0 8/16 15:37 2:39 0:55
Players Stats for Tamiflu
Player Name G A P +/- PIM S H SB GA TA FO MP PP MP PK MP
------------------------------------------------------------------------------------
Adam Larsson 0 0 0 -1 2 0 2 3 0 0 0/0 19:17 0:00 2:08
Casey Wellman 2 1 3 3 0 4 0 1 0 1 0/0 7:26 0:00 0:00
Colin Greening 1 1 2 3 0 2 0 0 0 0 5/8 7:59 0:00 0:33
Greg Mauldin 0 0 0 -1 0 3 0 0 0 1 13/23 20:30 3:05 0:57
Jamie Arniel 0 0 0 -2 0 3 3 2 1 0 7/21 19:06 2:52 0:23
Jan Mursak 1 0 1 0 0 1 0 0 0 0 3/3 12:15 0:00 2:32
Jordan Hendry 0 0 0 0 0 2 1 3 0 0 0/0 25:14 3:34 2:28
Justin Braun 0 1 1 -2 0 1 1 1 0 0 0/0 18:58 2:23 2:18
Kyle Lawson 0 0 0 2 0 0 1 0 0 1 0/0 18:20 2:23 0:00
Lucas Lessio 0 0 0 3 0 0 1 0 0 0 0/0 8:29 0:00 1:03
Mattias Tedenby 0 1 1 0 0 0 1 0 0 1 5/5 9:41 0:00 0:00
Mike Duco 0 0 0 0 0 0 2 0 1 0 0/0 10:22 0:00 0:41
Nathan Oystrick 0 0 0 0 0 2 3 0 1 0 0/0 24:35 3:34 2:18
Nino Niederreiter 0 0 0 -2 0 2 0 0 0 0 0/1 18:43 2:52 0:00
Petr Pohl 0 0 0 -1 2 2 1 0 0 0 3/7 21:08 3:05 1:34
Robert Dome 0 0 0 -1 4 3 3 1 1 1 0/0 19:33 3:05 0:02
Stuart Percy 0 1 1 1 0 0 0 2 0 0 0/0 13:35 0:00 0:00
Tye McGinn 0 0 0 -2 0 3 3 1 2 0 0/0 18:43 2:52 0:00
3 Stars
1 - Casey Wellman (Det)
2 - Colin Greening (Det)
3 - Sergei Plotnikov (MJM)
Power Play
Blackdemons - 1 on 4 Attempt(s) - 25,00%
Tamiflu - 0 on 3 Attempt(s) - 0,00%
Penalty Kill
Blackdemons - 3 on 3 Attempt(s) - 100,00%
- Score 0 goal in Penalty Kill
Tamiflu - 3 on 4 Attempt(s) - 75,00%
- Score 0 goal in Penalty Kill
Team Stat
Blackdemons - Hits : 35 - Faceoff Wins : 32 - Blocked Shots : 9 - Penalty Minutes : 6
Tamiflu - Hits : 22 - Faceoff Wins : 36 - Blocked Shots : 14 - Penalty Minutes : 8
Official
Referees : Banfield David and Ciamaga Chris
Linesman : Derek Nansen and Thor Nelson
Game Notes
No Game Note
Finance
Level 1 -- Attendance: 1468 (73,40%) -- Ticket Income 36 700 $
Level 2 -- Attendance: 720 (72,00%) -- Ticket Income 7 200 $
Total Attendance: 2188 (72,93%)
Total Ticket Income: 43 900 $
Other Income: 2 195 $
Total Income: 46 095 $
Blackdemons
5 vs 5 Forward
Center Left Wing Right Wing Time % Phy DF OF
1 Noel Acciari Sergei Plotnikov Igor Makarov 40 1 2 2
2 Steven Zalewski Blake Pietila Jordan Szwarz 30 1 2 2
3 Ben Maxwell Scott Wilson Bryan Rust 20 1 2 2
4 Kyle Rau Scott Timmins Max Friberg 10 1 2 2
5 vs 5 Defense
Defense Defense Time % Phy DF OF
1 Keaton Ellerby Oscar Klefbom 40 1 2 2
2 Andrew MacDonald Calvin de Haan 30 1 2 2
3 Matt Hunwick Steve Oleksy 20 1 2 2
4 Matt Hunwick Steve Oleksy 10 1 2 2
PowerPlay Forward
Center Left Wing Right Wing Time % Phy DF OF
1 Steven Zalewski Sergei Plotnikov Igor Makarov 60 1 2 2
2 Noel Acciari Blake Pietila Jordan Szwarz 40 1 2 2
PowerPlay Defense
Defense Defense Time % Phy DF OF
1 Andrew MacDonald Keaton Ellerby 60 1 2 2
2 Matt Hunwick Steve Oleksy 40 1 2 2
Penalty Kill 4 Players Forward
Center Wing Time % Phy DF OF
1 Igor Makarov Max Friberg 60 1 2 2
2 Sergei Plotnikov Steven Zalewski 40 1 2 2
Penalty Kill 4 Players Defense
Defense Defense Time % Phy DF OF
1 Andrew MacDonald Keaton Ellerby 60 1 2 2
2 Matt Hunwick Steve Oleksy 40 1 2 2
Penalty Kill - 3 Players Forward
Forward Time % Phy DF OF
1 Igor Makarov 60 1 2 2
2 Steven Zalewski 40 1 2 2
Penalty Kill - 3 Players Defense
Defense Defense Time % Phy DF OF
1 Andrew MacDonald Keaton Ellerby 60 1 2 2
2 Matt Hunwick Steve Oleksy 40 1 2 2
4 vs 4 Forward
Center Wing Time % Phy DF OF
1 Igor Makarov Jordan Szwarz 60 1 2 2
2 Sergei Plotnikov Steven Zalewski 40 1 2 2
4 vs 4 Defense
Defense Defense Time % Phy DF OF
1 Andrew MacDonald Keaton Ellerby 60 1 2 2
2 Matt Hunwick Steve Oleksy 40 1 2 2
Last Minutes Offensive
Center Left Wing Right Wing Defense Defense
Steven Zalewski Sergei Plotnikov Igor Makarov Andrew MacDonald Keaton Ellerby
Last Minutes Defensive
Center Left Wing Right Wing Defense Defense
Steven Zalewski Sergei Plotnikov Igor Makarov Andrew MacDonald Keaton Ellerby
Goaltenders
Starting : Matt Hackett
Backup : Sebastien Caron
Extra Forwards
Normal : Max Friberg, Igor Makarov, Sergei Plotnikov - PP : Max Friberg, Steven Zalewski - PK : Igor Makarov
Extra Defensemen
Normal : Keaton Ellerby, Matt Hunwick, Andrew MacDonald - PP : Keaton Ellerby - PK : Steve Oleksy, Andrew MacDonald
Penalty Shots
Igor Makarov, Steven Zalewski, Sergei Plotnikov, Max Friberg, Jordan Szwarz
Tamiflu
5 vs 5 Forward
Center Left Wing Right Wing Time % Phy DF OF
1 Greg Mauldin Robert Dome Petr Pohl 35 0 2 3
2 Jamie Arniel Tye McGinn Nino Niederreiter 35 0 2 3
3 Mattias Tedenby Jan Mursak Mike Duco 20 1 2 2
4 Colin Greening Lucas Lessio Casey Wellman 10 1 2 2
5 vs 5 Defense
Defense Defense Time % Phy DF OF
1 Nathan Oystrick Jordan Hendry 40 1 2 2
2 Justin Braun Adam Larsson 30 1 2 2
3 Kyle Lawson Stuart Percy 20 1 2 2
4 Kyle Lawson Adam Larsson 10 1 3 1
PowerPlay Forward
Center Left Wing Right Wing Time % Phy DF OF
1 Greg Mauldin Robert Dome Petr Pohl 50 0 1 4
2 Jamie Arniel Tye McGinn Nino Niederreiter 50 0 1 4
PowerPlay Defense
Defense Defense Time % Phy DF OF
1 Nathan Oystrick Jordan Hendry 60 0 2 3
2 Justin Braun Kyle Lawson 40 0 2 3
Penalty Kill 4 Players Forward
Center Wing Time % Phy DF OF
1 Petr Pohl Jan Mursak 60 1 3 1
2 Jamie Arniel Mike Duco 40 1 3 1
Penalty Kill 4 Players Defense
Defense Defense Time % Phy DF OF
1 Nathan Oystrick Adam Larsson 50 1 3 1
2 Justin Braun Jordan Hendry 50 1 3 1
Penalty Kill - 3 Players Forward
Forward Time % Phy DF OF
1 Jan Mursak 60 1 4 0
2 Mike Duco 40 1 4 0
Penalty Kill - 3 Players Defense
Defense Defense Time % Phy DF OF
1 Nathan Oystrick Jordan Hendry 60 1 4 0
2 Justin Braun Adam Larsson 40 1 4 0
4 vs 4 Forward
Center Wing Time % Phy DF OF
1 Greg Mauldin Petr Pohl 50 1 2 2
2 Robert Dome Nino Niederreiter 50 1 2 2
4 vs 4 Defense
Defense Defense Time % Phy DF OF
1 Justin Braun Jordan Hendry 60 1 2 2
2 Nathan Oystrick Adam Larsson 40 1 2 2
Last Minutes Offensive
Center Left Wing Right Wing Defense Defense
Greg Mauldin Robert Dome Petr Pohl Nathan Oystrick Jordan Hendry
Last Minutes Defensive
Center Left Wing Right Wing Defense Defense
Jamie Arniel Jan Mursak Mike Duco Adam Larsson Nathan Oystrick
Goaltenders
Starting : Thomas Greiss
Backup : Joe Fallon
Extra Forwards
Normal : Petr Pohl, Nino Niederreiter, Mike Duco - PP : Mattias Tedenby, Mike Duco - PK : Greg Mauldin
Extra Defensemen
Normal : Justin Braun, Jordan Hendry, Adam Larsson - PP : Nathan Oystrick - PK : Justin Braun, Jordan Hendry
Penalty Shots
Mattias Tedenby, Jamie Arniel, Robert Dome, Nino Niederreiter, Greg Mauldin
% Time on Ice - Blackdemons
Lines # - Real PCT - Wanted PCT - Time Play
Normal Forward
1 - 36% - 40% - 17:34
2 - 23% - 30% - 11:26
3 - 23% - 20% - 11:14
4 - 18% - 10% - 8:37
Normal Defense
1 - 40% - 40% - 19:39
2 - 34% - 30% - 16:45
3 - 19% - 20% - 9:16
4 - 7% - 10% - 3:11
PP Forward
1 - 58% - 60% - 2:39
2 - 42% - 40% - 1:57
PP Defense
1 - 62% - 60% - 2:52
2 - 38% - 40% - 1:44
PK Forward
1 - 85% - 60% - 5:02
2 - 15% - 40% - 0:55
PK Defense
1 - 65% - 60% - 3:53
2 - 35% - 40% - 2:04
PK3 Forward
1 - 0% - 60%
2 - 0% - 40%
PK3 Defense
1 - 0% - 60%
2 - 0% - 40%
44 Forward
1 - 0% - 60%
2 - 0% - 40%
44 Defense
1 - 0% - 60%
2 - 0% - 40%
Last Minute Offensive - 0:00
Last Minute Defensive - 0:36
Total
Forward - 60:00
Defense - 60:00
|
% Time on Ice - Tamiflu
Lines # - Real PCT - Wanted PCT - Time Play
Normal Forward
1 - 33% - 35% - 15:53
2 - 32% - 35% - 15:51
3 - 20% - 20% - 9:41
4 - 15% - 10% - 7:26
Normal Defense
1 - 38% - 40% - 18:44
2 - 30% - 30% - 14:35
3 - 26% - 20% - 12:37
4 - 6% - 10% - 2:55
PP Forward
1 - 52% - 50% - 3:05
2 - 48% - 50% - 2:52
PP Defense
1 - 60% - 60% - 3:34
2 - 40% - 40% - 2:23
PK Forward
1 - 88% - 60% - 2:47
2 - 12% - 40% - 0:23
PK Defense
1 - 47% - 50% - 1:29
2 - 53% - 50% - 1:41
PK3 Forward
1 - 79% - 60% - 1:08
2 - 21% - 40% - 0:18
PK3 Defense
1 - 57% - 60% - 0:49
2 - 43% - 40% - 0:37
44 Forward
1 - 0% - 50%
2 - 0% - 50%
44 Defense
1 - 0% - 60%
2 - 0% - 40%
Last Minute Offensive - 0:36
Last Minute Defensive - 0:00
Total
Forward - 60:00
Defense - 60:00
|
Play by Play
1st period
0:01 of 1st period - Noel Acciari wins face-off versus Greg Mauldin in neutral zone.
0:12 of 1st period - Keaton Ellerby is hit by Robert Dome and loses puck.
0:25 of 1st period - Keaton Ellerby is hit by Jordan Hendry and loses puck.
0:32 of 1st period - Slapshot by Tye McGinn.
0:32 of 1st period - Shot Hit the Post.
0:48 of 1st period - Slapshot by Andrew MacDonald.
0:48 of 1st period - Stopped by Thomas Greiss without a rebound.
0:49 of 1st period - Ben Maxwell wins face-off versus Colin Greening in Tamiflu zone.
1:25 of 1st period - Slapshot by Andrew MacDonald.
1:25 of 1st period - Shot Blocked by Jamie Arniel.
1:41 of 1st period - Slapshot by Matt Hunwick.
1:41 of 1st period - Shot Blocked by Stuart Percy.
1:45 of 1st period - Snap shot by Scott Timmins.
1:45 of 1st period - Stopped by Thomas Greiss without a rebound.
1:46 of 1st period - Jan Mursak wins face-off versus Steven Zalewski in Tamiflu zone.
2:21 of 1st period - Slapshot by Oscar Klefbom.
2:21 of 1st period - Stopped by Thomas Greiss without a rebound.
2:22 of 1st period - Noel Acciari wins face-off versus Greg Mauldin in Tamiflu zone.
2:38 of 1st period - Off-side.
2:39 of 1st period - Steven Zalewski wins face-off versus Jamie Arniel in neutral zone.
2:50 of 1st period - Wrist shot by Nino Niederreiter.
2:50 of 1st period - Shot Misses the Net.
3:04 of 1st period - Adam Larsson is hit by Keaton Ellerby and loses puck.
3:09 of 1st period - Wrist shot by Igor Makarov.
3:09 of 1st period - Deflect By Noel Acciari.
3:09 of 1st period - Stopped by Thomas Greiss without a rebound.
3:10 of 1st period - Greg Mauldin wins face-off versus Noel Acciari in Tamiflu zone.
3:38 of 1st period - Wrist shot by Scott Timmins.
3:38 of 1st period - Deflect By Max Friberg.
3:38 of 1st period - Stopped by Thomas Greiss with a rebound.
3:57 of 1st period - Icing by Nino Niederreiter.
3:58 of 1st period - Mattias Tedenby wins face-off versus Steven Zalewski in Tamiflu zone.
5:10 of 1st period - Wrist shot by Casey Wellman.
5:10 of 1st period - Shot Misses the Net.
5:12 of 1st period - Wrist shot by Casey Wellman.
5:12 of 1st period - Stopped by Matt Hackett with a rebound.
5:28 of 1st period - Wrist shot by Steven Zalewski.
5:28 of 1st period - Stopped by Thomas Greiss with a rebound.
6:08 of 1st period - Petr Pohl is hit by Andrew MacDonald and loses puck.
6:20 of 1st period - Wrist shot by Igor Makarov.
6:20 of 1st period - Deflect By Noel Acciari.
6:20 of 1st period - Shot Misses the Net.
6:20 of 1st period - Puck is out of play.
6:21 of 1st period - Jamie Arniel wins face-off versus Ben Maxwell in Tamiflu zone.
6:35 of 1st period - Off-side.
6:36 of 1st period - Colin Greening wins face-off versus Blake Pietila in neutral zone.
7:04 of 1st period - Off-side.
7:05 of 1st period - Jamie Arniel wins face-off versus Noel Acciari in neutral zone.
7:10 of 1st period - Wrist shot by Nino Niederreiter.
7:10 of 1st period - Stopped by Matt Hackett with a rebound.
7:14 of 1st period - Snap shot by Nino Niederreiter.
7:14 of 1st period - Stopped by Matt Hackett with a rebound.
7:16 of 1st period - Snap shot by Tye McGinn.
7:16 of 1st period - Shot Misses the Net.
7:18 of 1st period - Wrist shot by Nino Niederreiter.
7:18 of 1st period - Shot Blocked by Steve Oleksy.
7:29 of 1st period - Minor Penalty to Steve Oleksy for Hooking.
7:30 of 1st period - Greg Mauldin wins face-off versus Igor Makarov in Blackdemons zone.
9:29 of 1st period - Penalty to Steve Oleksy is over, Steve Oleksy is back on ice.
9:33 of 1st period - Slapshot by Andrew MacDonald.
9:33 of 1st period - Stopped by Thomas Greiss with a rebound.
9:55 of 1st period - Casey Wellman is hit by Steve Oleksy and loses puck.
10:24 of 1st period - Jordan Hendry is hit by Ben Maxwell and loses puck.
10:37 of 1st period - Jordan Hendry is hit by Keaton Ellerby and loses puck.
11:28 of 1st period - Robert Dome is hit by Jordan Szwarz and loses puck.
12:09 of 1st period - Kyle Rau is hit by Nathan Oystrick and loses puck.
12:18 of 1st period - Matt Hunwick is hit by Lucas Lessio and loses puck.
12:25 of 1st period - Slapshot by Matt Hunwick.
12:25 of 1st period - Stopped by Thomas Greiss without a rebound.
12:26 of 1st period - Mattias Tedenby wins face-off versus Noel Acciari in Tamiflu zone.
12:33 of 1st period - Keaton Ellerby is hit by Mike Duco and loses puck.
12:52 of 1st period - Steven Zalewski is hit by Adam Larsson and loses puck.
13:13 of 1st period - Off-side.
13:14 of 1st period - Jamie Arniel wins face-off versus Ben Maxwell in neutral zone.
14:03 of 1st period - Mike Duco is hit by Andrew MacDonald and loses puck.
14:08 of 1st period - Slapshot by Calvin de Haan.
14:08 of 1st period - Stopped by Thomas Greiss with a rebound.
14:10 of 1st period - Slapshot by Calvin de Haan.
14:10 of 1st period - Deflect By Adam Larsson.
14:10 of 1st period - Stopped by Thomas Greiss with a rebound.
14:12 of 1st period - Wrist shot by Andrew MacDonald.
14:12 of 1st period - Stopped by Thomas Greiss without a rebound.
14:13 of 1st period - Steven Zalewski wins face-off versus Jamie Arniel in Tamiflu zone.
14:20 of 1st period - Wrist shot by Steven Zalewski.
14:20 of 1st period - Shot Blocked by Jordan Hendry.
14:28 of 1st period - Snap shot by Tye McGinn.
14:28 of 1st period - Stopped by Matt Hackett without a rebound.
14:29 of 1st period - Noel Acciari wins face-off versus Greg Mauldin in Blackdemons zone.
14:54 of 1st period - Oscar Klefbom is hit by Jamie Arniel and loses puck.
15:35 of 1st period - Colin Greening is hit by Andrew MacDonald and loses puck.
15:42 of 1st period - Slapshot by Andrew MacDonald.
15:42 of 1st period - Stopped by Thomas Greiss with a rebound.
15:44 of 1st period - Snap shot by Max Friberg.
15:44 of 1st period - Stopped by Thomas Greiss with a rebound.
15:54 of 1st period - Sergei Plotnikov is hit by Robert Dome and loses puck.
16:23 of 1st period - Matt Hunwick is hit by Jamie Arniel and loses puck.
16:45 of 1st period - Wrist shot by Ben Maxwell.
16:45 of 1st period - Goal by Ben Maxwell - Blackdemons : 1 - Tamiflu : 0.
16:46 of 1st period - Greg Mauldin wins face-off versus Noel Acciari in neutral zone.
16:53 of 1st period - Snap shot by Petr Pohl.
16:53 of 1st period - Shot Misses the Net.
16:55 of 1st period - Slapshot by Nathan Oystrick.
16:55 of 1st period - Deflect By Oscar Klefbom.
16:55 of 1st period - Stopped by Matt Hackett with a rebound.
16:57 of 1st period - Slapshot by Nathan Oystrick.
16:57 of 1st period - Shot Misses the Net.
18:00 of 1st period - Slapshot by Andrew MacDonald.
18:00 of 1st period - Shot Blocked by Stuart Percy.
18:09 of 1st period - Minor Penalty to Igor Makarov for Tripping.
18:10 of 1st period - Noel Acciari wins face-off versus Nino Niederreiter in Blackdemons zone.
18:23 of 1st period - Wrist shot by Jamie Arniel.
18:23 of 1st period - Shot Misses the Net.
18:49 of 1st period - Slapshot by Keaton Ellerby.
18:49 of 1st period - Shot Blocked by Robert Dome.
19:07 of 1st period - Keaton Ellerby is hit by Tye McGinn and loses puck.
19:18 of 1st period - Greg Mauldin is hit by Sergei Plotnikov and loses puck.
Goals for this period are 1 for Blackdemons vs 0 for Tamiflu.
Shots for this period are 14 for Blackdemons vs 5 for Tamiflu.
2nd period
0:01 of 2nd period - Greg Mauldin wins face-off versus Noel Acciari in neutral zone.
0:09 of 2nd period - Penalty to Igor Makarov is over, Igor Makarov is back on ice.
0:16 of 2nd period - Snap shot by Igor Makarov.
0:16 of 2nd period - Stopped by Thomas Greiss with a rebound.
0:32 of 2nd period - Snap shot by Nathan Oystrick.
0:32 of 2nd period - Stopped by Matt Hackett without a rebound.
0:33 of 2nd period - Ben Maxwell wins face-off versus Jamie Arniel in Blackdemons zone.
0:40 of 2nd period - Slapshot by Matt Hunwick.
0:40 of 2nd period - Stopped by Thomas Greiss without a rebound.
0:41 of 2nd period - Jamie Arniel wins face-off versus Noel Acciari in Tamiflu zone.
0:41 of 2nd period - Jamie Arniel is hit by Igor Makarov.
0:59 of 2nd period - Snap shot by Tye McGinn.
0:59 of 2nd period - Stopped by Matt Hackett with a rebound.
1:54 of 2nd period - Snap shot by Casey Wellman.
1:54 of 2nd period - Goal by Casey Wellman - Blackdemons : 1 - Tamiflu : 1.
1:55 of 2nd period - Petr Pohl wins face-off versus Noel Acciari in neutral zone.
2:26 of 2nd period - Slapshot by Nino Niederreiter.
2:26 of 2nd period - Shot Blocked by Jordan Szwarz.
2:28 of 2nd period - Snap shot by Tye McGinn.
2:28 of 2nd period - Shot Blocked by Andrew MacDonald.
2:59 of 2nd period - Icing by Andrew MacDonald.
3:00 of 2nd period - Colin Greening wins face-off versus Noel Acciari in Blackdemons zone.
3:07 of 2nd period - Snap shot by Colin Greening.
3:07 of 2nd period - Stopped by Matt Hackett with a rebound.
3:09 of 2nd period - Snap shot by Casey Wellman.
3:09 of 2nd period - Shot Misses the Net.
3:11 of 2nd period - Snap shot by Casey Wellman.
3:11 of 2nd period - Stopped by Matt Hackett with a rebound.
3:52 of 2nd period - Off-side.
3:53 of 2nd period - Greg Mauldin wins face-off versus Noel Acciari in neutral zone.
3:58 of 2nd period - Snap shot by Robert Dome.
3:58 of 2nd period - Stopped by Matt Hackett with a rebound.
4:00 of 2nd period - Snap shot by Petr Pohl.
4:00 of 2nd period - Stopped by Matt Hackett with a rebound.
4:02 of 2nd period - Backhand shot by Robert Dome.
4:02 of 2nd period - Deflect By Petr Pohl.
4:02 of 2nd period - Stopped by Matt Hackett with a rebound.
4:04 of 2nd period - Slapshot by Nathan Oystrick.
4:04 of 2nd period - Shot Misses the Net.
4:06 of 2nd period - Snap shot by Jordan Hendry.
4:06 of 2nd period - Deflect By Petr Pohl.
4:06 of 2nd period - Shot Misses the Net.
4:06 of 2nd period - Puck is out of play.
4:07 of 2nd period - Noel Acciari wins face-off versus Jamie Arniel in Blackdemons zone.
4:07 of 2nd period - Noel Acciari is hit by Tye McGinn.
4:17 of 2nd period - Slapshot by Noel Acciari.
4:17 of 2nd period - Stopped by Thomas Greiss without a rebound.
4:18 of 2nd period - Greg Mauldin wins face-off versus Noel Acciari in Tamiflu zone.
4:18 of 2nd period - Greg Mauldin is hit by Igor Makarov.
4:21 of 2nd period - Minor Penalty to Robert Dome for Interference.
4:22 of 2nd period - Petr Pohl wins face-off versus Steven Zalewski in Tamiflu zone.
4:22 of 2nd period - Petr Pohl is hit by Steven Zalewski.
5:14 of 2nd period - Jordan Hendry is hit by Blake Pietila and loses puck.
6:02 of 2nd period - Adam Larsson is hit by Jordan Szwarz and loses puck.
6:21 of 2nd period - Penalty to Robert Dome is over, Robert Dome is back on ice.
6:32 of 2nd period - Kyle Lawson is hit by Scott Wilson and loses puck.
7:17 of 2nd period - Oscar Klefbom is hit by Mike Duco and loses puck.
7:44 of 2nd period - Igor Makarov is hit by Nathan Oystrick and loses puck.
8:13 of 2nd period - Nino Niederreiter is hit by Andrew MacDonald and loses puck.
8:40 of 2nd period - Bryan Rust is hit by Justin Braun and loses puck.
8:59 of 2nd period - Oscar Klefbom is hit by Adam Larsson and loses puck.
9:18 of 2nd period - Jan Mursak is hit by Scott Wilson and loses puck.
9:55 of 2nd period - Snap shot by Igor Makarov.
9:55 of 2nd period - Shot Blocked by Jamie Arniel.
9:57 of 2nd period - Slapshot by Steve Oleksy.
9:57 of 2nd period - Shot Misses the Net.
10:32 of 2nd period - Slapshot by Robert Dome.
10:32 of 2nd period - Stopped by Matt Hackett without a rebound.
10:33 of 2nd period - Noel Acciari wins face-off versus Greg Mauldin in Blackdemons zone.
10:40 of 2nd period - Snap shot by Sergei Plotnikov.
10:40 of 2nd period - Shot Blocked by Jordan Hendry.
10:53 of 2nd period - Wrist shot by Robert Dome.
10:53 of 2nd period - Deflect By Sergei Plotnikov.
10:53 of 2nd period - Stopped by Matt Hackett without a rebound.
10:54 of 2nd period - Steven Zalewski wins face-off versus Jamie Arniel in Blackdemons zone.
11:30 of 2nd period - Jan Mursak is hit by Andrew MacDonald and loses puck.
12:12 of 2nd period - Wrist shot by Jordan Hendry.
12:12 of 2nd period - Stopped by Matt Hackett without a rebound.
12:13 of 2nd period - Jamie Arniel wins face-off versus Sergei Plotnikov in Blackdemons zone.
12:14 of 2nd period - Snap shot by Tye McGinn.
12:14 of 2nd period - Stopped by Matt Hackett with a rebound.
12:38 of 2nd period - Ben Maxwell is hit by Petr Pohl and loses puck.
13:01 of 2nd period - Backhand shot by Casey Wellman.
13:01 of 2nd period - Goal by Casey Wellman - Blackdemons : 1 - Tamiflu : 2.
13:02 of 2nd period - Noel Acciari wins face-off versus Jamie Arniel in neutral zone.
13:05 of 2nd period - Jamie Arniel is hit by Matt Hunwick.
13:08 of 2nd period - Off-side.
13:09 of 2nd period - Noel Acciari wins face-off versus Jamie Arniel in neutral zone.
13:12 of 2nd period - Wrist shot by Noel Acciari.
13:12 of 2nd period - Shot Blocked by Adam Larsson.
13:14 of 2nd period - Slapshot by Matt Hunwick.
13:14 of 2nd period - Stopped by Thomas Greiss with a rebound.
13:16 of 2nd period - Snap shot by Sergei Plotnikov.
13:16 of 2nd period - Goal by Sergei Plotnikov - Blackdemons : 2 - Tamiflu : 2.
13:17 of 2nd period - Noel Acciari wins face-off versus Greg Mauldin in neutral zone.
13:28 of 2nd period - Snap shot by Igor Makarov.
13:28 of 2nd period - Deflect By Noel Acciari.
13:28 of 2nd period - Goal by Noel Acciari - Blackdemons : 3 - Tamiflu : 2.
13:29 of 2nd period - Noel Acciari wins face-off versus Jamie Arniel in neutral zone.
13:32 of 2nd period - Snap shot by Igor Makarov.
13:32 of 2nd period - Stopped by Thomas Greiss without a rebound.
13:33 of 2nd period - Noel Acciari wins face-off versus Jamie Arniel in Tamiflu zone.
13:38 of 2nd period - Snap shot by Igor Makarov.
13:38 of 2nd period - Shot Misses the Net.
13:40 of 2nd period - Wrist shot by Igor Makarov.
13:40 of 2nd period - Stopped by Thomas Greiss with a rebound.
13:42 of 2nd period - Wrist shot by Noel Acciari.
13:42 of 2nd period - Stopped by Thomas Greiss without a rebound.
13:43 of 2nd period - Greg Mauldin wins face-off versus Noel Acciari in Tamiflu zone.
13:45 of 2nd period - Minor Penalty to Adam Larsson for Hooking.
13:46 of 2nd period - Steven Zalewski wins face-off versus Petr Pohl in Tamiflu zone.
13:50 of 2nd period - Slapshot by Steven Zalewski.
13:50 of 2nd period - Goal by Steven Zalewski - Blackdemons : 4 - Tamiflu : 2.
13:51 of 2nd period - Greg Mauldin wins face-off versus Noel Acciari in neutral zone.
13:58 of 2nd period - Wrist shot by Petr Pohl.
13:58 of 2nd period - Shot Misses the Net.
14:31 of 2nd period - Slapshot by Oscar Klefbom.
14:31 of 2nd period - Deflect By Tye McGinn.
14:31 of 2nd period - Stopped by Thomas Greiss without a rebound.
14:32 of 2nd period - Mattias Tedenby wins face-off versus Steven Zalewski in Tamiflu zone.
14:46 of 2nd period - Jordan Hendry is hit by Matt Hunwick and loses puck.
15:05 of 2nd period - Slapshot by Jordan Hendry.
15:05 of 2nd period - Stopped by Matt Hackett with a rebound.
15:13 of 2nd period - Wrist shot by Steve Oleksy.
15:13 of 2nd period - Stopped by Thomas Greiss with a rebound.
15:28 of 2nd period - Jamie Arniel is hit by Scott Wilson and loses puck.
15:42 of 2nd period - Off-side.
15:43 of 2nd period - Kyle Rau wins face-off versus Colin Greening in neutral zone.
15:48 of 2nd period - Slapshot by Andrew MacDonald.
15:48 of 2nd period - Stopped by Thomas Greiss without a rebound.
15:49 of 2nd period - Noel Acciari wins face-off versus Jamie Arniel in Tamiflu zone.
15:50 of 2nd period - Slapshot by Calvin de Haan.
15:50 of 2nd period - Shot Blocked by Tye McGinn.
16:23 of 2nd period - Mike Duco is hit by Steven Zalewski and loses puck.
16:28 of 2nd period - Mattias Tedenby is hit by Blake Pietila and loses puck.
17:18 of 2nd period - Off-side.
17:19 of 2nd period - Colin Greening wins face-off versus Noel Acciari in neutral zone.
17:55 of 2nd period - Snap shot by Noel Acciari.
17:55 of 2nd period - Shot Misses the Net.
17:57 of 2nd period - Wrist shot by Sergei Plotnikov.
17:57 of 2nd period - Shot Blocked by Justin Braun.
17:59 of 2nd period - Backhand shot by Matt Hunwick.
17:59 of 2nd period - Stopped by Thomas Greiss with a rebound.
18:01 of 2nd period - Slapshot by Steve Oleksy.
18:01 of 2nd period - Shot Blocked by Casey Wellman.
18:11 of 2nd period - Wrist shot by Igor Makarov.
18:11 of 2nd period - Stopped by Thomas Greiss without a rebound.
18:12 of 2nd period - Greg Mauldin wins face-off versus Steven Zalewski in Tamiflu zone.
18:26 of 2nd period - Off-side.
18:27 of 2nd period - Bryan Rust wins face-off versus Jamie Arniel in neutral zone.
18:59 of 2nd period - Nathan Oystrick is hit by Jordan Szwarz and loses puck.
19:26 of 2nd period - Snap shot by Mike Duco.
19:26 of 2nd period - Shot Misses the Net.
19:42 of 2nd period - Kyle Lawson is hit by Sergei Plotnikov and loses puck.
19:59 of 2nd period - Slapshot by Kyle Lawson.
19:59 of 2nd period - Shot Blocked by Keaton Ellerby.
Goals for this period are 3 for Blackdemons vs 2 for Tamiflu.
Shots for this period are 15 for Blackdemons vs 14 for Tamiflu.
3rd period
0:01 of 3rd period - Greg Mauldin wins face-off versus Noel Acciari in neutral zone.
0:01 of 3rd period - Justin Braun is hit by Sergei Plotnikov and loses puck.
0:37 of 3rd period - Snap shot by Tye McGinn.
0:37 of 3rd period - Shot Misses the Net.
0:49 of 3rd period - Jan Mursak is hit by Ben Maxwell and loses puck.
1:13 of 3rd period - Slapshot by Keaton Ellerby.
1:13 of 3rd period - Stopped by Thomas Greiss with a rebound.
1:15 of 3rd period - Snap shot by Scott Timmins.
1:15 of 3rd period - Shot Misses the Net.
1:17 of 3rd period - Snap shot by Keaton Ellerby.
1:17 of 3rd period - Shot Blocked by Jordan Hendry.
1:26 of 3rd period - Icing by Casey Wellman.
1:27 of 3rd period - Colin Greening wins face-off versus Noel Acciari in Tamiflu zone.
1:52 of 3rd period - Justin Braun is hit by Steven Zalewski and loses puck.
2:26 of 3rd period - Mattias Tedenby is hit by Scott Wilson.
3:00 of 3rd period - Slapshot by Jamie Arniel.
3:00 of 3rd period - Deflect By Scott Timmins.
3:00 of 3rd period - Stopped by Matt Hackett without a rebound.
3:01 of 3rd period - Blake Pietila wins face-off versus Jamie Arniel in Blackdemons zone.
3:23 of 3rd period - Wrist shot by Jamie Arniel.
3:23 of 3rd period - Stopped by Matt Hackett without a rebound.
3:24 of 3rd period - Noel Acciari wins face-off versus Greg Mauldin in Blackdemons zone.
3:49 of 3rd period - Scott Wilson is hit by Mattias Tedenby and loses puck.
4:00 of 3rd period - Wrist shot by Mattias Tedenby.
4:00 of 3rd period - Shot Blocked by Scott Wilson.
4:18 of 3rd period - Wrist shot by Steven Zalewski.
4:18 of 3rd period - Stopped by Thomas Greiss without a rebound.
4:19 of 3rd period - Noel Acciari wins face-off versus Greg Mauldin in Tamiflu zone.
4:45 of 3rd period - Icing by Andrew MacDonald.
4:46 of 3rd period - Mattias Tedenby wins face-off versus Igor Makarov in Blackdemons zone.
4:47 of 3rd period - Snap shot by Jan Mursak.
4:47 of 3rd period - Goal by Jan Mursak - Blackdemons : 4 - Tamiflu : 3.
4:48 of 3rd period - Noel Acciari wins face-off versus Greg Mauldin in neutral zone.
5:04 of 3rd period - Slapshot by Greg Mauldin.
5:04 of 3rd period - Stopped by Matt Hackett with a rebound.
5:10 of 3rd period - Minor Penalty to Noel Acciari for Holding.
5:11 of 3rd period - Jamie Arniel wins face-off versus Igor Makarov in Blackdemons zone.
6:32 of 3rd period - Jamie Arniel is hit by Max Friberg.
7:10 of 3rd period - Penalty to Noel Acciari is over, Noel Acciari is back on ice.
7:18 of 3rd period - Scott Wilson is hit by Nathan Oystrick.
7:46 of 3rd period - Slapshot by Colin Greening.
7:46 of 3rd period - Goal by Colin Greening - Blackdemons : 4 - Tamiflu : 4.
7:47 of 3rd period - Jamie Arniel wins face-off versus Noel Acciari in neutral zone.
8:00 of 3rd period - Slapshot by Jamie Arniel.
8:00 of 3rd period - Shot Hit the Post.
8:12 of 3rd period - Petr Pohl is hit by Steven Zalewski and loses puck.
8:17 of 3rd period - Snap shot by Jordan Szwarz.
8:17 of 3rd period - Shot Misses the Net.
8:19 of 3rd period - Snap shot by Calvin de Haan.
8:19 of 3rd period - Deflect By Jordan Szwarz.
8:19 of 3rd period - Shot Blocked by Adam Larsson.
8:19 of 3rd period - Puck is out of play.
8:20 of 3rd period - Sergei Plotnikov wins face-off versus Greg Mauldin in Tamiflu zone.
8:47 of 3rd period - Steven Zalewski is hit by Tye McGinn and loses puck.
8:52 of 3rd period - Snap shot by Jamie Arniel.
8:52 of 3rd period - Stopped by Matt Hackett without a rebound.
8:53 of 3rd period - Noel Acciari wins face-off versus Jamie Arniel in Blackdemons zone.
8:53 of 3rd period - Noel Acciari is hit by Kyle Lawson.
9:03 of 3rd period - Slapshot by Igor Makarov.
9:03 of 3rd period - Shot Misses the Net.
9:05 of 3rd period - Slapshot by Keaton Ellerby.
9:05 of 3rd period - Stopped by Thomas Greiss with a rebound.
9:07 of 3rd period - Slapshot by Keaton Ellerby.
9:07 of 3rd period - Shot Misses the Net.
9:09 of 3rd period - Snap shot by Igor Makarov.
9:09 of 3rd period - Stopped by Thomas Greiss without a rebound.
9:10 of 3rd period - Greg Mauldin wins face-off versus Steven Zalewski in Tamiflu zone.
9:10 of 3rd period - Greg Mauldin is hit by Steven Zalewski.
9:11 of 3rd period - Minor Penalty to Robert Dome for Hooking.
9:12 of 3rd period - Steven Zalewski wins face-off versus Petr Pohl in Tamiflu zone.
9:21 of 3rd period - Slapshot by Steven Zalewski.
9:21 of 3rd period - Stopped by Thomas Greiss with a rebound.
9:23 of 3rd period - Wrist shot by Steven Zalewski.
9:23 of 3rd period - Stopped by Thomas Greiss with a rebound.
9:25 of 3rd period - Slapshot by Igor Makarov.
9:25 of 3rd period - Stopped by Thomas Greiss without a rebound.
9:26 of 3rd period - Steven Zalewski wins face-off versus Petr Pohl in Tamiflu zone.
9:27 of 3rd period - Snap shot by Sergei Plotnikov.
9:27 of 3rd period - Stopped by Thomas Greiss without a rebound.
9:28 of 3rd period - Steven Zalewski wins face-off versus Petr Pohl in Tamiflu zone.
9:35 of 3rd period - Slapshot by Andrew MacDonald.
9:35 of 3rd period - Shot Misses the Net.
9:37 of 3rd period - Slapshot by Andrew MacDonald.
9:37 of 3rd period - Stopped by Thomas Greiss with a rebound.
9:39 of 3rd period - Wrist shot by Sergei Plotnikov.
9:39 of 3rd period - Shot Misses the Net.
9:41 of 3rd period - Wrist shot by Igor Makarov.
9:41 of 3rd period - Deflect By Sergei Plotnikov.
9:41 of 3rd period - Stopped by Thomas Greiss without a rebound.
9:42 of 3rd period - Petr Pohl wins face-off versus Steven Zalewski in Tamiflu zone.
9:44 of 3rd period - Minor Penalty to Petr Pohl for Interference.
9:45 of 3rd period - Jan Mursak wins face-off versus Steven Zalewski in Tamiflu zone.
10:01 of 3rd period - Slapshot by Keaton Ellerby.
10:01 of 3rd period - Shot Misses the Net.
10:15 of 3rd period - Jordan Hendry is hit by Blake Pietila and loses puck.
10:52 of 3rd period - Slapshot by Justin Braun.
10:52 of 3rd period - Stopped by Matt Hackett with a rebound.
11:11 of 3rd period - Penalty to Robert Dome is over, Robert Dome is back on ice.
11:34 of 3rd period - Jordan Hendry is hit by Matt Hunwick and loses puck.
11:44 of 3rd period - Penalty to Petr Pohl is over, Petr Pohl is back on ice.
11:55 of 3rd period - Backhand shot by Ben Maxwell.
11:55 of 3rd period - Stopped by Thomas Greiss without a rebound.
11:56 of 3rd period - Greg Mauldin wins face-off versus Ben Maxwell in Tamiflu zone.
12:01 of 3rd period - Snap shot by Ben Maxwell.
12:01 of 3rd period - Deflect By Scott Wilson.
12:01 of 3rd period - Stopped by Thomas Greiss without a rebound.
12:02 of 3rd period - Greg Mauldin wins face-off versus Ben Maxwell in Tamiflu zone.
12:22 of 3rd period - Scott Wilson is hit by Robert Dome and loses puck.
12:39 of 3rd period - Slapshot by Steven Zalewski.
12:39 of 3rd period - Stopped by Thomas Greiss with a rebound.
13:48 of 3rd period - Greg Mauldin is hit by Noel Acciari and loses puck.
14:03 of 3rd period - Snap shot by Sergei Plotnikov.
14:03 of 3rd period - Stopped by Thomas Greiss with a rebound.
15:03 of 3rd period - Wrist shot by Greg Mauldin.
15:03 of 3rd period - Stopped by Matt Hackett with a rebound.
15:05 of 3rd period - Wrist shot by Greg Mauldin.
15:05 of 3rd period - Stopped by Matt Hackett without a rebound.
15:06 of 3rd period - Mattias Tedenby wins face-off versus Ben Maxwell in Blackdemons zone.
15:13 of 3rd period - Snap shot by Mike Duco.
15:13 of 3rd period - Deflect By Jan Mursak.
15:13 of 3rd period - Shot Blocked by Calvin de Haan.
15:13 of 3rd period - Puck is out of play.
15:14 of 3rd period - Jan Mursak wins face-off versus Ben Maxwell in Blackdemons zone.
15:58 of 3rd period - Icing by Nathan Oystrick.
15:59 of 3rd period - Colin Greening wins face-off versus Kyle Rau in Tamiflu zone.
16:05 of 3rd period - Off-side.
16:06 of 3rd period - Ben Maxwell wins face-off versus Colin Greening in neutral zone.
16:39 of 3rd period - Wrist shot by Jordan Szwarz.
16:39 of 3rd period - Shot Misses the Net.
16:41 of 3rd period - Snap shot by Steven Zalewski.
16:41 of 3rd period - Shot Misses the Net.
16:53 of 3rd period - Slapshot by Steve Oleksy.
16:53 of 3rd period - Stopped by Thomas Greiss without a rebound.
16:54 of 3rd period - Kyle Rau wins face-off versus Jamie Arniel in Tamiflu zone.
17:03 of 3rd period - Steve Oleksy is hit by Jamie Arniel and loses puck.
17:27 of 3rd period - Snap shot by Nino Niederreiter.
17:27 of 3rd period - Shot Misses the Net.
17:29 of 3rd period - Snap shot by Jordan Hendry.
17:29 of 3rd period - Shot Blocked by Andrew MacDonald.
17:31 of 3rd period - Wrist shot by Tye McGinn.
17:31 of 3rd period - Shot Blocked by Scott Timmins.
17:33 of 3rd period - Slapshot by Jordan Hendry.
17:33 of 3rd period - Shot Misses the Net.
17:48 of 3rd period - Snap shot by Adam Larsson.
17:48 of 3rd period - Shot Blocked by Kyle Rau.
18:02 of 3rd period - Snap shot by Scott Timmins.
18:02 of 3rd period - Stopped by Thomas Greiss with a rebound.
18:04 of 3rd period - Snap shot by Max Friberg.
18:04 of 3rd period - Shot Misses the Net.
18:12 of 3rd period - Slapshot by Andrew MacDonald.
18:12 of 3rd period - Stopped by Thomas Greiss with a rebound.
18:14 of 3rd period - Snap shot by Andrew MacDonald.
18:14 of 3rd period - Shot Misses the Net.
18:50 of 3rd period - Slapshot by Nino Niederreiter.
18:50 of 3rd period - Shot Misses the Net.
19:15 of 3rd period - Slapshot by Calvin de Haan.
19:15 of 3rd period - Stopped by Thomas Greiss with a rebound.
19:17 of 3rd period - Snap shot by Scott Timmins.
19:17 of 3rd period - Shot Misses the Net.
19:19 of 3rd period - Snap shot by Max Friberg.
19:19 of 3rd period - Shot Blocked by Adam Larsson.
19:21 of 3rd period - Wrist shot by Scott Timmins.
19:21 of 3rd period - Stopped by Thomas Greiss with a rebound.
19:23 of 3rd period - Wrist shot by Kyle Rau.
19:23 of 3rd period - Goal by Kyle Rau - Blackdemons : 5 - Tamiflu : 4.
19:24 of 3rd period - Steven Zalewski wins face-off versus Greg Mauldin in neutral zone.
19:47 of 3rd period - Tamiflu, Thomas Greiss is pulled from the net.
Goals for this period are 1 for Blackdemons vs 2 for Tamiflu.
Shots for this period are 20 for Blackdemons vs 9 for Tamiflu.
Back to the Top